AoeStats
← EraCooksYourEgo

Black Forest

507944180Analyzed
4v4 RM · 12d ago on Sep 20, 2026· 72m 13s· 8 players
Game mode
Random Map
Map size
Large (8 player)
Population
200
Speed
Normal
Resources
Standard
Victory
Conquest
Starting age
Dark Age
Ending age
Imperial Age
RankedLock teamsTeams togetherTeam positionsShared explorationLock speedFull tech treeHidden civsTurbo modeCheats
Victory
Defeat
🇫🇷 Franks · France
942
+15
🇫🇷 Goths · France
921
+16
🇦🇹 Khmer · Austria
904
+16
🇦🇺 Goths · Australia
885
+17
🇨🇳 Britons · China
941
-17
🇨🇳 Huns · China
905
-16
🇮🇳 Ethiopians · India
903
-16
🇨🇳 Mongols · China
892
-15
158889596
4:53 Loom
12:14 Feudal Age
16:18 Castle Age
17:23 Double-Bit Axe
17:22 Horse Collar
18:23 Wheelbarrow
18:36 Bow Saw
18:28 Heavy Plow
21:18 Hand Cart
25:42 Stone Mining
29:28 Stone Shaft Mining
28:47 Gold Mining
34:43 Imperial Age
32:01 Town Watch
32:54 Town Patrol
32:49 Fletching
32:59 Padded Archer Armor
33:23 Ballistics
33:16 Masonry
33:41 Thumb Ring
33:40 Nomads
36:07 Conscription
36:12 Drill
35:16 Elite Mangudai
36:31 Hoardings
37:10 Gold Shaft Mining
36:44 Bodkin Arrow
37:04 Leather Archer Armor
37:52 Chemistry
37:38 Caravan
38:09 Coinage
37:53 Heavy Scorpion
39:20 Parthian Tactics
39:05 Husbandry
39:16 Bloodlines
39:29 Siege Engineers
40:30 Fortified Wall
45:18 Capped Ram
50:05 Forging
50:00 Scale Barding Armor
50:02 Bracer
50:09 Scale Barding Armor
50:31 Elite Steppe Lancer
52:42 Iron Casting
52:27 Chain Barding Armor
54:31 Blast Furnace
62:59 Banking
62:48 Heavy Camel Rider
63:49 Onager
65:07 Siege Onager
67:02 Light Cavalry
fudychiji
10:50 Feudal Age
17:05 Castle Age
18:34 Double-Bit Axe
18:32 Horse Collar
21:19 Stone Mining
31:02 Crossbowman
32:35 Yeomen
33:46 Gold Mining
34:22 Heavy Plow
34:37 Bow Saw
35:00 Caravan
40:20 Imperial Age
39:16 Padded Archer Armor
39:07 Fletching
40:51 Gold Shaft Mining
40:26 Arbalester
41:43 Conscription
41:30 Warwolf
42:40 Chemistry
42:01 Ballistics
42:03 Leather Archer Armor
41:44 Bodkin Arrow
43:16 Ring Archer Armor
43:50 Bracer
63:49 Scale Mail Armor
64:00 Forging
63:45 Arson
64:01 Squires
63:23 Pikeman
65:26 Halberdier
Ming.213
11:52 Feudal Age
17:39 Castle Age
15:57 Horse Collar
16:04 Double-Bit Axe
19:23 Bow Saw
21:47 Wheelbarrow
21:19 Gold Mining
21:21 Stone Mining
24:27 Heavy Plow
25:15 Hand Cart
26:39 Town Watch
30:20 Gold Shaft Mining
32:55 Imperial Age
31:29 Loom
32:48 Fletching
33:09 Forging
33:04 Scale Barding Armor
33:29 Town Patrol
34:15 Parthian Tactics
34:38 Caravan
35:13 Coinage
34:58 Guilds
34:20 Heavy Cavalry Archer
37:37 Two-Man Saw
37:03 Masonry
37:52 Iron Casting
37:37 Guilds
38:18 Husbandry
38:29 Bloodlines
37:40 Cavalier
39:38 Light Cavalry
41:21 Conscription
42:50 Chemistry
42:12 Ballistics
41:51 Murder Holes
43:03 Blast Furnace
42:01 Bodkin Arrow
42:02 Hussar
42:07 Paladin
44:11 Chain Barding Armor
iamlegolas312
0:44 Loom
11:46 Feudal Age
12:15 Double-Bit Axe
13:14 Gold Mining
13:06 Horse Collar
19:02 Stone Mining
23:09 Castle Age
21:21 Fletching
22:18 Padded Archer Armor
23:15 Crossbowman
24:03 Thumb Ring
23:54 Bodkin Arrow
24:55 Leather Archer Armor
27:32 Gold Shaft Mining
27:39 Wheelbarrow
27:08 Heavy Plow
30:10 Forging
30:49 Bow Saw
32:58 Town Watch
33:31 Hand Cart
37:45 Imperial Age
36:02 Ballistics
35:37 Murder Holes
37:49 Arbalester
39:40 Caravan
40:30 Bracer
41:00 Ring Archer Armor
41:36 Chemistry
42:13 Ring Archer Armor
42:35 Masonry
42:35 Siege Engineers
44:20 Conscription
48:33 Heavy Scorpion
50:00 Royal Heirs
49:21 Elite Shotel Warrior
50:37 Iron Casting
50:02 Scale Mail Armor
52:31 Blast Furnace
54:18 Halberdier
54:59 Squires
58:12 Chain Mail Armor
59:12 Town Patrol
Pat-Rick4991
0:32 Loom
13:49 Feudal Age
19:25 Castle Age
17:46 Double-Bit Axe
17:47 Horse Collar
20:34 Heavy Plow
20:55 Bow Saw
22:48 Wheelbarrow
21:58 Town Watch
28:41 Hand Cart
31:16 Ballistics
30:52 Murder Holes
31:02 Heated Shot
31:21 Tusk Swords
31:40 Scale Barding Armor
33:44 Chain Barding Armor
33:29 Padded Archer Armor
34:51 Gold Mining
34:51 Stone Mining
36:17 Scale Mail Armor
36:28 Forging
36:09 Fletching
37:03 Gold Shaft Mining
39:55 Imperial Age
38:18 Chain Mail Armor
38:38 Iron Casting
39:25 Stone Shaft Mining
39:40 Light Cavalry
40:31 Bloodlines
40:21 Husbandry
40:38 Double Crossbow
40:34 Elite Ballista Elephant
42:19 Plate Barding Armor
42:59 Blast Furnace
42:09 Bodkin Arrow
42:38 Leather Archer Armor
43:16 Coinage
42:57 Caravan
48:01 Banking
47:40 Elite Battle Elephant
53:23 Ring Archer Armor
52:53 Bracer
53:59 Chemistry
53:11 Fortified Wall
59:41 Hussar
59:41 Cavalier
62:11 Elite Skirmisher
62:12 Crossbowman
62:13 Heavy Cavalry Archer
63:18 Parthian Tactics
EraCooksYourEgo
11:12 Feudal Age
12:34 Loom
15:10 Double-Bit Axe
19:55 Castle Age
18:32 Wheelbarrow
21:31 Bow Saw
25:01 Forging
27:04 Scale Barding Armor
27:38 Iron Casting
27:23 Hand Cart
30:49 Husbandry
31:32 Gold Mining
36:50 Scale Barding Armor
37:23 Light Cavalry
41:24 Imperial Age
41:10 #83
41:14 Chain Barding Armor
43:47 Blast Furnace
43:23 Plate Barding Armor
42:11 Cavalier
43:35 Paladin
44:45 Conscription
44:26 Chivalry
45:24 Masonry
53:00 Architecture
52:54 Ballistics
56:47 Caravan
Nick's Pizza
0:25 Loom
13:54 Feudal Age
14:10 Man-at-Arms
15:31 Wheelbarrow
14:44 Double-Bit Axe
16:52 Gold Mining
18:13 Stone Mining
18:10 Horse Collar
18:45 Scale Mail Armor
20:06 Forging
20:51 Fletching
25:22 Castle Age
26:23 Squires
25:44 Long Swordsman
26:55 Pikeman
33:14 Hand Cart
35:49 Iron Casting
35:30 Bow Saw
38:29 Heavy Plow
38:47 Chain Mail Armor
39:30 Stone Shaft Mining
41:30 Caravan
44:10 Anarchy
46:54 Imperial Age
46:43 Town Watch
49:01 Conscription
48:44 Perfusion
48:57 Halberdier
52:05 Blast Furnace
51:44 Elite Huskarl
61:39 Town Patrol
62:23 Onager
64:53 Ballistics
65:34 Chemistry
65:11 Heated Shot
daehtihs.
11:56 Feudal Age
13:26 Wheelbarrow
12:40 Double-Bit Axe
18:59 Castle Age
17:39 Horse Collar
20:08 Hand Cart
21:18 Bow Saw
31:43 Heavy Plow
32:11 Gold Mining
34:16 Caravan
35:06 Murder Holes
38:37 Imperial Age
36:46 Scale Mail Armor
36:57 Forging
36:55 Stone Mining
39:39 Conscription
39:31 Squires
41:03 Iron Casting
40:33 Scale Barding Armor
40:19 Fletching
41:14 Chain Mail Armor
41:48 Elite Huskarl
42:42 Anarchy
45:50 Blast Furnace
44:56 Perfusion
46:20 Crop Rotation
46:53 Two-Man Saw
46:48 Guilds
47:09 Coinage
52:07 Banking
53:57 Pikeman
54:41 Halberdier
58:56 Bodkin Arrow
59:22 Chain Barding Armor
60:51 Chemistry
Connection lost

Rejoining the realm…

Still unreachable

The connection could not be restored.

Session expired

The server has moved on; the page needs a fresh start.